Map: Ruins of Seras

Players

MightyKiwi

  • Race: Zerg Zerg
  • League: Grandmaster

MajeStic - Winner!

  • Race: Protoss Protoss

Event: NationWars III

VOD

Have the link to the VOD?

Description

Time

  • Played on: Nov. 22, 2015, 2:29 p.m.
  • Length: 11:32
Show
View Real Time Build Order
Export as new Build Order

MightyKiwi Zerg 

Build Orders: 3 Hatch before Pool, Lurkers 

Get SALT Encoding   

  12  0:01  Drone  
  13  0:09  Drone  
  14  0:20  Overlord  
  14  0:29  Extractor  
  14  0:30  Extractor  
  14  0:31  Drone x2  
  16  0:38  Drone  
  17  0:55  Hatchery  
  16  0:59  Drone  
  16  1:02  Drone  
  18  1:25  Hatchery  
  17  1:30  Drone  
  18  1:41  Spawning Pool  
  18  1:44  Drone  
  18  1:47  Extractor  
  18  1:50  Drone  
  18  2:01  Drone  
  18  2:06  Drone  
  18  2:08  Drone  
  22  2:15  Drone  
  22  2:21  Drone x2  
  24  2:29  Zergling x2  
  25  2:31  Queen  
  25  2:35  Drone  
  28  2:39  Overlord  
  28  2:43  Drone x2  
  30  2:48  Metabolic Boost  
  30  2:54  Zergling x4  
  32  3:01  Queen  
  32  3:05  Drone x3  
  37  3:11  Queen  
  39  3:16  Queen  
  41  3:23  Zergling x4  
  41  3:25  Overlord  
  42  3:39  Roach Warren  
  41  3:42  Zergling x2  
  41  3:45  Zergling x14  
  48  3:52  Drone x2  
  49  4:06  Zergling x2  
  49  4:11  Overlord  
  49  4:14  Overlord x2  
  49  4:16  Lair  
  49  4:26  Drone x2  
  49  4:30  Drone x8  
  57  4:34  Extractor  
  57  4:36  Extractor  
  57  4:38  Overlord  
  55  4:39  Drone x2  
  57  4:51  Overlord  
  57  4:58  Evolution Chamber  
  57  4:59  Drone x3  
  60  5:00  Drone x4  
  60  5:04  Roach  
  60  5:05  Roach  
  67  5:14  Overlord  
  67  5:16  Roach x3  
  67  5:17  Roach  
  67  5:19  Overseer  
  75  5:24  Drone, Hydralisk Den  
  75  5:27  Drone  
  76  5:31  Drone  
  76  5:32  Drone x3  
  76  5:33  Overlord  
  80  5:36  Glial Reconstitution  
  74  5:51  Drone x2  
  74  5:52  Drone  
  74  5:56  Drone x5  
  80  5:59  Ravager x2  
  80  6:03  Drone x4  
  86  6:05  Drone x2, Extractor  
  87  6:12  Extractor x2  
  81  6:25  Hatchery, Drone x4  
  76  6:26  Drone x3  
  76  6:30  Muscular Augments  
  78  6:42  Hydralisk x4  
  78  6:43  Hydralisk  
  88  6:51  Overlord x2  
  87  6:55  Zerg Missile Weapons Level 1  
  87  6:57  Drone  
  87  6:59  Evolution Chamber  
  87  7:03  Overlord  
  85  7:18  Hydralisk x6  
  97  7:27  Drone x6  
  103  7:30  Hydralisk  
  103  7:34  Hydralisk  
  103  7:36  Hydralisk  
  110  7:44  Zergling x6  
  110  7:49  Hydralisk  
  114  7:56  Overlord  
  114  7:57  Overlord x2  
  114  7:58  Hydralisk x2  
  117  8:12  Zergling x16  
  106  8:16  Zergling x2  
  103  8:26  Queen  
  103  8:27  Hydralisk x5  
  115  8:40  Roach x4  
  115  8:41  Roach x3  
  109  8:56  Hydralisk x5  
  109  8:57  Hydralisk  
  109  8:59  Drone  
  109  9:00  Drone  
  123  9:04  Drone x3  
  126  9:10  Lurker Den  
  126  9:15  Ravager x4  
  128  9:24  Zergling x16  
  135  9:33  Overlord  
  135  9:34  Overlord  
  135  9:42  Zergling x18  
  135  9:43  Zergling x2  
  129  10:01  Hydralisk x7  
  127  10:13  Hydralisk x4  
  127  10:14  Hydralisk  
  118  10:40  Zergling x26  
  117  10:48  Lurker  
  117  10:49  Lurker x4  
  122  10:52  Queen  
  122  10:55  Drone x3  
  115  11:07  Overlord  
Show
View Real Time Build Order
Export as new Build Order

MajeStic Protoss - Winner!

Build Orders: Nexus First 

Get SALT Encoding   

  12  0:01  Probe (Chrono Boost)  
  13  0:11  Probe (Chrono Boost)  
  14  0:19  Pylon  
  14  0:23  Probe (Chrono Boost)  
  15  0:37  Probe (Chrono Boost)  
  16  0:47  Probe (Chrono Boost)  
  17  1:00  Nexus  
  17  1:10  Gateway  
  17  1:13  Probe (Chrono Boost)  
  18  1:19  Assimilator  
  18  1:23  Probe (Chrono Boost)  
  19  1:28  Assimilator  
  19  1:34  Probe (Chrono Boost)  
  20  1:42  Gateway  
  20  1:44  Probe (Chrono Boost)  
  21  1:51  Pylon  
  21  1:55  Probe (Chrono Boost)  
  22  2:05  Cybernetics Core  
  22  2:09  Probe (Chrono Boost)  
  22  2:13  Probe (Chrono Boost)  
  24  2:19  Probe (Chrono Boost)  
  25  2:23  Probe (Chrono Boost)  
  27  2:30  Probe (Chrono Boost)  
  27  2:34  Probe (Chrono Boost)  
  28  2:40  Probe (Chrono Boost)  
  28  2:43  Stalker (Chrono Boost)  
  31  2:44  Stalker (Chrono Boost)  
  31  2:47  Probe  
  34  2:51  Probe  
  34  2:54  Warp Gate  
  35  3:00  Mothership Core (Chrono Boost)  
  35  3:03  Probe (Chrono Boost)  
  38  3:06  Pylon  
  38  3:15  Probe (Chrono Boost)  
  39  3:20  Probe (Chrono Boost)  
  39  3:26  Probe (Chrono Boost)  
  41  3:27  Robotics Facility  
  41  3:30  Probe (Chrono Boost)  
  41  3:32  Sentry  
  46  3:34  Sentry  
  46  3:36  Probe (Chrono Boost)  
  46  3:39  Forge  
  48  3:41  Probe (Chrono Boost)  
  48  3:47  Probe (Chrono Boost)  
  49  3:52  Probe (Chrono Boost)  
  49  3:55  Pylon  
  50  3:57  Probe (Chrono Boost), Assimilator  
  50  4:01  Assimilator  
  51  4:06  Probe (Chrono Boost), Protoss Ground Weapons Level 1 (Chrono Boost)  
  51  4:08  Probe (Chrono Boost)  
  53  4:14  Gateway  
  53  4:15  Gateway  
  53  4:26  Probe (Chrono Boost)  
  53  4:27  Probe (Chrono Boost)  
  53  4:29  Pylon  
  55  4:32  Warp Prism (Chrono Boost)  
  55  4:38  Probe (Chrono Boost)  
  57  4:39  Probe  
  57  4:40  Pylon  
  59  4:49  Robotics Bay  
  59  4:50  Probe  
  59  4:51  Probe  
  61  5:01  Adept x2  
  61  5:06  Observer (Chrono Boost)  
  66  5:10  Adept x2  
  66  5:12  Probe x2  
  72  5:24  Pylon  
  72  5:27  Gateway x2  
  72  5:33  Adept x3  
  78  5:36  Pylon  
  78  5:37  Gravitic Drive  
  78  5:42  Pylon  
  81  5:43  Disruptor (Chrono Boost)  
  81  5:54  Nexus  
  81  5:56  Pylon  
  81  6:02  Sentry  
  83  6:06  Pylon  
  83  6:09  Twilight Council  
  83  6:10  Gateway  
  83  6:14  Disruptor (Chrono Boost)  
  85  6:25  Adept  
  85  6:26  Adept x3  
  85  6:30  Gateway, Probe x2  
  95  6:40  Protoss Ground Weapons Level 2  
  95  6:42  Adept x2  
  95  6:44  Probe  
  95  6:45  Probe  
  95  6:46  Disruptor (Chrono Boost)  
  104  6:55  Photon Cannon  
  104  6:59  Pylon  
  104  7:03  Resonating Glaives  
  104  7:12  Adept  
  104  7:13  Adept x2  
  104  7:15  Sentry, Adept  
  112  7:18  Probe  
  112  7:20  Probe x2  
  117  7:25  Disruptor (Chrono Boost)  
  117  7:29  Probe  
  120  7:33  Probe x2, Assimilator  
  120  7:35  Assimilator  
  123  7:40  Probe  
  124  7:45  Probe x2  
  124  7:50  Adept x2  
  124  7:51  Adept x2  
  134  7:56  Disruptor (Chrono Boost)  
  137  8:03  Adept x2  
  133  8:16  Adept x3  
  133  8:17  Adept x2  
  127  8:24  Adept x3  
  131  8:27  Warp Prism (Chrono Boost)  
  131  8:29  Adept x3  
  137  8:35  Stalker x2  
  141  8:43  Blink  
  141  8:44  Nexus  
  141  8:46  Pylon  
  141  8:47  Protoss Ground Weapons Level 3  
  138  8:51  Adept  
  125  8:58  Adept x3, Disruptor (Chrono Boost)  
  125  8:59  Adept x4  
  138  9:15  Stalker  
  140  9:20  Pylon  
  140  9:22  Assimilator  
  140  9:26  Assimilator  
  140  9:30  Immortal (Chrono Boost), Pylon  
  144  9:35  Adept x2  
  148  9:39  Pylon  
  148  9:40  Pylon  
  148  9:41  Adept  
  148  9:42  Adept, Pylon  
  152  9:47  Adept x2  
  139  10:14  Disruptor (Chrono Boost)  
  139  10:17  Robotics Facility  
  129  10:23  Adept x2  
  129  10:24  Adept x6  
  145  10:41  Mothership Core  
  138  10:46  Immortal (Chrono Boost)  
  138  10:48  Adept x2  
  138  10:49  Stalker x2, Adept x3  
  156  10:50  Stalker  
  156  10:55  Photon Cannon  
  158  10:57  Photon Cannon  
  158  11:13  Sentry, Adept x5  
Tags
 
Add a new tag
Caveats
  • Supply blocks, unpowered buildings, or Contaminate may cause inaccurate times.
  • Supply counts are checked every 10 seconds.